Cogmind - Beta 13 @@@ ROGUE MODE // 2024.04.28 @ 19:31:33 Player: Cheeriohz Result: Destroyed by 0J-IAN(R) with Subdweller Machine Gun Performance ------------- Evolutions (0) 0 Regions Visited (2) 400 Robots Destroyed (33) 165 Value Destroyed (884) 884 Prototype IDs (2) 40 Alien Tech Used (0) 0 Bonus (0) 0 TOTAL SCORE: 1489 Bonus ------- None Cogmind --------- Core Integrity 0/250 Matter 300/300 Energy 100/100 System Corruption 3% Temperature Cool (0) Movement Walking (190) Ox1 Location -10/Subcaves Parts ------- > --- POWER (1) -------- Subdweller Power Source > --- PROPULSION (2) --- Aluminum Leg Improved Aluminum Leg > --- UTILITY (2) ------ Scrap Shield > --- WEAPON (2) ------- Subdweller Beam Cannon Makeshift Shrapnel Gun > --- INVENTORY (5) ---- Improved Aluminum Leg Improved Heat Sink Powered Cannon Subdweller Shrapnel Launcher Peak State ------------ > --- POWER ------------ Subdweller Power Source > --- PROPULSION ------- Aluminum Leg Improved Aluminum Leg > --- UTILITY ---------- Scrap Shield > --- WEAPON ----------- Subdweller Beam Cannon Makeshift Shrapnel Gun > --- INVENTORY -------- Improved Aluminum Leg Improved Heat Sink Powered Cannon Subdweller Shrapnel Launcher [Rating: 17] Favorites ----------- Power Light Ion Engine Engine Light Ion Engine Power Core Light Nuclear Core Propulsion Improved Aluminum Leg Leg Improved Aluminum Leg Utility Medium Storage Unit Device Improved Heat Sink Storage Medium Storage Unit Protection Light Armor Plating Weapon Particle Gun Energy Gun Particle Gun Energy Cannon Subdweller Beam Cannon Ballistic Gun Makeshift Shrapnel Gun Build | -11 -10 -10 ------- Run | Yrd Mat Sub Slots Evolved . | . . . Power . | . . . Propulsion . | . . . Utility . | . . . Weapon . | . . . Parts Attached 26 | 1 12 13 Power 7 | . 3 4 Engine 6 | . 2 4 Core 1 | . 1 . Reactor . | . . . Propulsion 4 | . 2 2 Treads . | . . . Leg 4 | . 2 2 Wheel . | . . . Hover . | . . . Flight . | . . . Utility 5 | 1 2 2 Device 2 | 1 1 . Storage 1 | . 1 . Processor . | . . . Hackware . | . . . Protection 2 | . . 2 Artifact . | . . . Weapon 10 | . 5 5 Energy Gun 7 | . 5 2 Energy Cannon 2 | . . 2 Ballistic Gun 1 | . . 1 Ballistic Cannon . | . . . Launcher . | . . . Special Weapon . | . . . Impact Weapon . | . . . Slashing Weapon . | . . . Piercing Weapon . | . . . Special Melee Weapon . | . . . Unidentified Prototypes . | . . . Parts Lost 4 | . 1 3 Power 3 | . 1 2 Propulsion 1 | . . 1 Utility . | . . . Weapon . | . . . Highest Loss Streak 1 | . 1 1 To Critical Strikes . | . . . Average Slot Usage (%) 96 | . 99 94 Engine 12 | . 10 13 Core 1 | . 3 . Leg 27 | . 28 27 Device 7 | . 14 1 Storage 11 | . 14 9 Protection 6 | . . 12 Energy Gun 16 | . 25 8 Energy Cannon 6 | . . 11 Ballistic Gun 5 | . 2 8 Naked Turns . | . . . Heaviest Build 33 | 13 19 33 Greatest Support 26 | 20 26 26 Greatest Overweight (x) 2 | . . 2 Average Overweight (x) . | . . . Largest Inventory Capacity 10 | 8 10 10 Average Capacity 8 | 8 9 8 Most Carried 10 | 6 10 10 Average Carried 8 | 6 8 8 Final Capacity 10 | 8 10 5 Final Carried 10 | 6 10 5 Class Distribution -------------------- 56% | Mutant 26% | Scavenger-Mutant 16% | Subdweller-Mutant Dominant Class ---------------- Mutant | -10/Materials Scavenger-Mutant | -10/Subcaves Resources | -11 -10 -10 ----------- Run | Yrd Mat Sub Matter Collected 651 | 222 120 309 Remotely . | . . . Salvage Created 1117 | 98 358 661 Parts 61 | 3 22 36 Haulers Intercepted 1 | . 1 . Recyclers Shooed 1 | . 1 . Parts Field Recycled . | . . . Retrieved Matter . | . . . Parts Self-Destructed 13 | . . 13 Prevented 2 | . . 2 Kills | -11 -10 -10 ------- Run | Yrd Mat Sub Combat Hostiles Destroyed 29 | . 11 18 Guns 21 | . 11 10 Cannons 6 | . . 6 Classes Destroyed 8 | 2 4 2 Tunneler 1 | 1 . . Hauler 1 | . 1 . Recycler 1 | 1 . . Operator 1 | . 1 . Swarmer 10 | . 6 4 Grunt 8 | . 5 3 Sentry 1 | . . 1 Subdweller 10 | . . 10 Best Kill Streak 4 | 2 3 4 Combat Bots Only 4 | . 3 4 Max Kills in Single Turn 1 | 1 1 1 Gunslinging . | . . . Exploded . | . . . Melee . | . . . Uniques/NPCs Destroyed . | . . . Combat | -11 -10 -10 -------- Run | Yrd Mat Sub Hostile Shots Fired 125 | . 52 73 Missed 32 | . 9 23 Damage Taken 1222 | . 404 818 Core 250 | . 60 190 Absorbed by Shields . | . . . Regen/Repaired (Parts) 66 | . 66 . Core Remaining (%) 100 | 100 . . Volleys Fired 93 | 4 34 55 Largest 2 | 2 2 2 Hottest 125 | 70 115 125 Shots Fired 174 | 8 69 97 Gun 142 | 8 69 65 Cannon 32 | . . 32 Launcher . | . . . Special . | . . . Kinetic 33 | 4 10 19 Thermal 131 | 4 59 68 Explosive . | . . . Electromagnetic 10 | . . 10 Robot Hit Streak 19 | 2 10 19 Robot Miss Streak 4 | 1 2 4 Penetration Max . | . . . Secondary Targets 2 | . 2 . Max Gunslinging Chain 1 | . 1 . Shots Hit Robots 111 | 5 51 55 Core Hits 46 | 3 18 25 Critical Kills 1 | . . 1 Critical Parts Destroyed . | . . . Critical Strikes 5 | . 4 1 Burn 4 | . 4 . Meltdown 1 | . . 1 Melee Attacks . | . . . Impact . | . . . Slashing . | . . . Piercing . | . . . Sneak Attacks . | . . . Combat Hostiles . | . . . Follow-up Attacks . | . . . Damage Inflicted 2044 | 59 731 1254 Guns 1501 | 59 731 711 Cannons 479 | . . 479 Explosions 64 | . . 64 Melee . | . . . Ramming . | . . . Kinetic 424 | 34 123 267 Thermal 1431 | 25 608 798 Explosive . | . . . Electromagnetic 189 | . . 189 Impact . | . . . Slashing . | . . . Piercing . | . . . Highest Corruption 3 | . 3 3 Average Corruption 2 | . 2 3 Corruption Purged . | . . . Corruption Blocked . | . . . Effects 35 | . 12 23 Message Errors 8 | . 2 6 Matter Fused 9 | . 4 5 Heat Flow Errors 4 | . 3 1 Energy Discharges 4 | . . 4 Parts Rejected 3 | . 1 2 Data Loss (minor) 2 | . . 2 Data Loss (major) 1 | . . 1 Misfires 2 | . 1 1 Alerts 2 | . 1 1 Overload Shots . | . . . Overflow Damage 5 | . . 5 Projectiles . | . . . Explosions 5 | . . 5 Melee . | . . . Knockbacks . | . . . Impact . | . . . Kinetic . | . . . Secondary . | . . . Self-Inflicted Damage 20 | . . 20 Shots 1 | . . 1 Rammed . | . . . Targets Rammed . | . . . Kicked . | . . . Crushed . | . . . Highest Temperature 191 | 36 189 191 Average Temperature 49 | 19 57 29 Received Heat Transfer 330 | . 123 207 Siege Activations . | . . . Robots Corrupted 1 | . . 1 Combat Hostiles 1 | . . 1 Parts Fried 1 | . . 1 Impact Corruptions . | . . . Robots Melted 2 | . 1 1 Combat Hostiles 1 | . . 1 Parts Melted 8 | . 4 4 Heat Transferred 3262 | 74 1875 1313 Parts Sabotaged . | . . . Parts Stolen . | . . . Parts Stripped . | . . . Power Chain Reactions 2 | . . 2 Alert | -11 -10 -10 ------- Run | Yrd Mat Sub Peak Influence 336 | 10 336 . Initial 6 | . 6 . Average 136 | 5 140 . Maximum Alert Level 1 | . 1 . Low Security (%) 57 | 100 56 . Level 1 42 | . 43 . Level 2 . | . . . Level 3 . | . . . Level 4 . | . . . Level 5 . | . . . High Security . | . . . Max Security . | . . . Squads Dispatched 2 | . 2 . Investigation 1 | . 1 . Extermination . | . . . Reinforcement 1 | . 1 . Assault . | . . . Garrison . | . . . Intercept . | . . . Searches Triggered . | . . . Construction Impeded . | . . . Haulers Reinforced . | . . . Active Scanning Responses . | . . . Cargo Convoy Interrupts . | . . . Stealth | -11 -10 -10 --------- Run | Yrd Mat Sub Distress Signals 1 | . 1 . Communications Jammed . | . . . Distress Signals . | . . . Times Spotted 39 | . 20 19 Peak Tracking Total 4 | . 4 3 Tactical Retreats 2 | . 1 1 Traps | -11 -10 -10 ------- Run | Yrd Mat Sub Traps Triggered 2 | . 2 . Indirectly . | . . . Trap Hack Attempts . | . . . Triggered . | . . . Disarmed . | . . . Reprogrammed . | . . . Reused . | . . . Traps Extracted . | . . . Installed . | . . . Triggered . | . . . Machines | -11 -10 -10 ---------- Run | Yrd Mat Sub Machines Disabled 1 | . 1 . Max in Single Turn 1 | . 1 . Machines Repaired . | . . . Machines Dismantled . | . . . Machines Sabotaged . | . . . Overloaded Fab Kills . | . . . Hacking | -11 -10 -10 --------- Run | Yrd Mat Sub Machines Accessed 10 | . 9 1 Terminals 7 | . 7 . Fabricators . | . . . Repair Stations 1 | . 1 . Recycling Units 1 | . 1 . Scanalyzers . | . . . Garrison Access . | . . . Total Hacks 23 | . 21 2 Successful 12 | . 10 2 Failed 10 | . 10 . Catastrophic . | . . . Database Lockouts 1 | . 1 . Manual 13 | . 13 . Terminals 18 | . 18 . Fabricators . | . . . Repair Stations 2 | . 2 . Recycling Units 1 | . 1 . Scanalyzers . | . . . Garrison Access . | . . . Terminal Hacks 8 | . 6 2 Record 2 | . . 2 Robot Analysis 2 | . 2 . Prototype ID Bank 1 | . 1 . Unreport Threat 1 | . 1 . Locate Traps 1 | . 1 . Zone Layout 1 | . 1 . Fabricator Hacks . | . . . Repair Station Hacks 2 | . 2 . Scan Component 1 | . 1 . Repair 1 | . 1 . Recycling Unit Hacks . | . . . Scanalyzer . | . . . Garrison Access Hacks . | . . . Unauthorized Hacks 2 | . 2 . Terminals 1 | . 1 . Botnet 1 | . 1 . Fabricators . | . . . Repair Stations . | . . . Recycling Units 1 | . 1 . Tunnel 1 | . 1 . Scanalyzers . | . . . Garrison Access . | . . . Data Cores Recovered . | . . . Used . | . . . Hacking Detections 7 | . 7 . Full Trace Events . | . . . Feedback Events . | . . . Feedback Blocked . | . . . Robot Schematics Acquired . | . . . Robots Built . | . . . Authchips . | . . . Time . | . . . Total Robot Build Rating . | . . . Part Schematics Acquired . | . . . Parts Built . | . . . Authchips . | . . . Time . | . . . Total Part Build Rating . | . . . Parts Repaired 1 | . 1 . Time 32 | . 32 . Parts Recycled . | . . . Recycled Matter . | . . . Retrieved Matter . | . . . Retrieved Components . | . . . Parts Scanalyzed . | . . . Part Schematics Acquired . | . . . Parts Damaged . | . . . Bothacking | -11 -10 -10 ------------ Run | Yrd Mat Sub Used RIF Installer . | . . . Robots Hacked . | . . . Non-combat . | . . . Combat . | . . . Robot Hacks Applied . | . . . Relay Couplers Released . | . . . Fabnet Peak Effective % . | . . . Robots Rewired . | . . . Allies Hacked . | . . . Hacks Repelled . | . . . Allies | -11 -10 -10 -------- Run | Yrd Mat Sub Total Allies . | . . . Largest Group . | . . . Highest-Rated Group . | . . . Highest-Rated Ally . | . . . Total Orders . | . . . Ally Attacks . | . . . Total Damage . | . . . Kills . | . . . Allies Corrupted . | . . . Allies Melted . | . . . Intel | -11 -10 -10 ------- Run | Yrd Mat Sub Robot Analysis Total 2 | . 2 . Derelict Logs Recovered 1 | . . 1 Drone Launches . | . . . Drone Recoveries . | . . . Exploration | -11 -10 -10 ------------- Run | Yrd Mat Sub Turns Passed 2662 | 36 1218 1408 Spaces Moved 1294 | 19 602 673 Core . | . . . Treads . | . . . Legs 1294 | 19 602 673 Wheels . | . . . Hover . | . . . Flight . | . . . Fastest Speed 120 | 120 120 120 Average Speed 148 | 120 120 174 Slowest Speed 260 | 120 120 260 Overloaded Moves . | . . . Propulsion Burnouts . | . . . Robots Hopped . | . . . Cave-ins Triggered . | . . . Exploration Rate (%) 48 | 3 98 45 Regions Visited 2 Branch Regions 1 Pre-discovered Areas 2 | . 1 1 Known Exits Taken . | . . . Unknown Exits Taken 2 | 1 1 . Scrap Searched 8 | . . 8 Spaces Dug . | . . . Terrain Destroyed 9 | . . 9 Melee . | . . . Projectile 1 | . . 1 AOE 8 | . . 8 Terrain Rammed . | . . . Walls Destroyed . | . . . Machines Disabled . | . . . Actions | -11 -10 -10 --------- Run | Yrd Mat Sub Total 1874 | 23 1031 820 Wait 412 | . 369 43 Move 1292 | 18 601 673 Hop . | . . . Pick Up 15 | . 6 9 Fast Attach 13 | 1 4 8 Attach 4 | . 1 3 Detach 4 | . 1 3 Swap 9 | . 7 2 Drop 24 | . 8 16 Fire 93 | 4 34 55 Melee . | . . . Ram . | . . . Kick . | . . . Crush . | . . . Escape Stasis . | . . . Rewire . | . . . Trap . | . . . Miscellaneous 8 | . . 8 Route ------- -11/Scrapyard -10/Materials (discovered 6 exits: [*Mat x3] / [*Min x2] / *Sub) -10/Subcaves (discovered 3 exits: *Mat x2 / Rec) History --------- Turn | Location | Event 1 | -11/Scrapyard | Discovered new exit (range 2) 37 | -11/Scrapyard | Entered Materials 173 | -10/Materials | Central database locked down 257 | -10/Materials | Discovered new exit (range 15) 306 | -10/Materials | Build established: Mutant 415 | -10/Materials | Discovered new exit (range 13) 544 | -10/Materials | Discovered new exit (range 15) 637 | -10/Materials | Discovered new exit (range 14) 729 | -10/Materials | Repaired Particle Gun 787 | -10/Materials | Discovered new exit (range 8) 1223 | -10/Materials | Discovered new exit (range 7) 1255 | -10/Materials | Entered Subcaves 1500 | -10/Subcaves | Core integrity fell below 50% 1625 | -10/Subcaves | Shifting Twisted Machinery released Battle Rifle 1626 | -10/Subcaves | Shifting Twisted Machinery released Barrage Gun 1693 | -10/Subcaves | Learned location of Mines (-8) 1696 | -10/Subcaves | A swath of the cavern ceiling suddenly collapsed 1805 | -10/Subcaves | Build established: Scavenger-Mutant 1994 | -10/Subcaves | Visited Clippyterm 2000 | -10/Subcaves | Identified exit to Recycling 2000 | -10/Subcaves | Identified exit to Materials 2103 | -10/Subcaves | Shifting Twisted Machinery released Piercing Trap 2130 | -10/Subcaves | Shifting Twisted Machinery released Piercing Trap 2182 | -10/Subcaves | Disturbed a concealed Subdweller 2405 | -10/Subcaves | A Subdweller sparked back to life 2405 | -10/Subcaves | A Subdweller sparked back to life 2405 | -10/Subcaves | A Subdweller sparked back to life 2410 | -10/Subcaves | Core integrity fell below 20% 2448 | -10/Subcaves | Found Prototype Energy Cannon 2523 | -10/Subcaves | Build established: Subdweller-Mutant 2663 | -10/Subcaves | Destroyed by 0J-IAN(R) with Subdweller Machine Gun Last Messages --------------- 02411_ UJ-WMM(R) destroyed. 02416_ Aluminum Leg destroyed. 02417_ H1-QKS(R) destroyed. 02423_ Dropped Sub. Power Source. 02427_ Scrap Shield Fragment affixed to Scrap Shield (+49). 02428_ Acquired 30 matter. 02434_ Acquired Sub. Laser. 02439_ Dropped Sub. Beam Cannon. 02440_ System corrupted: Energy discharge (-66). 02441_ Acquired Sub. Beam Cannon. 02443_ Dropped Sub. Optics. 02445_ Dropped Sub. Laser. 02448_ Acquired Prototype Energy Cannon. 02449_ Acquired 20 matter. 02454_ Scrap Shield Fragment affixed to Scrap Shield (+34). 02506_ RM-9RJ(R) destroyed. 02513_ Scrap Shield Fragment affixed to Scrap Shield (+22). 02518_ Acquired 10 matter. 02582_ 7KWM/< DKTCHOHLAWAQ= ,CW=W4MP5DJ 02647_ Sub. Power Source shoots sparks and powers down. Map ----- +----------------------------------------------------+ | ?????????????????????????????????????????????????? | | ?????????????????????????????????????????????????? | | ?????????????????????????????????????????????????? | | ?????????????????????????????????????????????????? | | ?????????????????????????????????????????????????? | | ?????????????????????????????????????????????????? | | ????????????????????????#########????????????????? | | ???????????????????????## = ########?????????? | | ??????????????????##???# " " ! # # #???####### | | ??????????????????# ####*%"" &% #??##" # ## | | ?????????????????## "! ### ### " #### | | ?????????????????# "& [#?###?## " ! = | | ?????????????????# !##?###?# # %# < | | ?????????????????## ## "!%! ### ##########" ## | | ??????????#######?##??# [% #??????##" # | | ??????????# ## #?????## !# ### ##???????##" | | ??????????# #??????# ### ##### ##????????###" | | ??????????# ######## # #?# #???????????#" | | ??????????# # ##?# ##????????????" | | ??????????# ##### ##?## #?????????????# | | ??????????# #??#" #?# #?????????????? | | ??????????## ## ##?#" #### #?????????????? | | ???????????# ### ### ###"# ###???????????? | | ???????????# #### %&"" "#???????????? | | ???????????# #### """* ""#???????????? | | ???????????# ##@ ###"&!""#???????????? | | ???????????### ##?#"""" #??????????? | | ?????????????##### ##?# #?????????? | | ?????????######### #### #?????????? | | ?????????# ## #?### "#?????????? | | ??????????# #???# " #?????????? | | ??????????## ### #???##""##?????????? | | ?????????### ###?### #??###??????????? | | ?????????# ##?????# #?????????????? | | ?????????# ##?????? #?????????????? | | ?????????# #??????? #?????????????? | | ?????????# ##?????? ## #?????????????? | | ?????????# ##??????? #######?& #?????????????? | | ?????????# #???????? ????????? ??????????????? | | ?????????# ##???????? ?????????????????????????? | | ?????????## ####?????R?????????????????????????? | | ??????????# ##???? ?????????????????????????? | | ??????????# #??????????????????????????????? | | ??????????## #??????????????????????????????? | | ???????????# #??????????????????????????????? | | ???????????## #??????????????????????????????? | | ????????????#######??????????????????????????????? | | ?????????????????????????????????????????????????? | | ?????????????????????????????????????????????????? | | ?????????????????????????????????????????????????? | +----------------------------------------------------+ Best States ------------- Heat Dissipation 39 Energy Generation 15 Energy Capacity 200 Matter Stores 300 Matter Capacity 300 Sight Range 16 Terrain Scan Density 10 Armor Coverage 800 Evasion (%) 55 Item Schematics ----------------- None Robot Schematics ------------------ None Fabricated ------------ Nothing Alien Tech Used ----------------- None Achievements -------------- None Challenges ------------ None Game ------ Seed ShadeSlugMeganuke Manual? 0 Play Time 00:16:52 Cumulative 159.8 hours Start 2024.04.28 @ 19:16:07 End 2024.04.28 @ 19:31:33 Sessions 1 Manual Loads 0 Difficulty Rogue Special Mode None Game No. 139 Rogue 139 Adventurer 0 Explorer 0 Win Type - Total 3 Types 2/0/0/1/0/0/0/0/0 Lore% 57 Gallery% 75 Achievement% 57 Wizard Run 0 Options --------- Layout 2 ASCII 0 Keyboard 1 Movement Numpad Keybinds 0 Fullscreen 1 Font 32/SmallcapsGlow Map View 77x44 Zoom Use 0% Tactical HUD 1 Map Filters NONE Filters NONE Steam 1 RUN: 97681cec-a188-4f3d-bdc8-810e6fb5aace